TOP OF THE 1ST |
Corpus Christi Hooks batting - Pitching for Northwest Arkansas Naturals : LHP Ken Milhouse
|
Pitching: LHP Ken Milhouse
|
|
Batting: RHB Edgar Trejo
|
0-0: Ball 1-0: Ball 2-0: Ball 3-0: Called Strike 3-1: Foul Ball, location: 2F 3-2: Strikes out swinging
|
Batting: RHB Masaru Konno
|
0-0: Ball 1-0: Called Strike 1-1: Ball 2-1: Foul Ball, location: 2F 2-2: Foul Ball, location: 2F 2-2: Foul Ball, location: 2F 2-2: SINGLE (Flyball, 78S, EV 83.8 MPH)
|
Batting: RHB Elijah Hunter
|
0-0: Called Strike 0-1: Foul Ball, location: 2F 0-2: Strikes out swinging
|
Batting: RHB Jesus Malave
|
0-0: Called Strike 0-1: Fielders Choice at 2nd, 5-4 (Groundball, 5L, EV 89.4 MPH)
|
Top of the 1st over - 0 runs, 1 hit, 0 errors, 1 left on base; Corpus Christi 0 - Northwest Arkansas 0 |
BOTTOM OF THE 1ST |
Northwest Arkansas Naturals batting - Pitching for Corpus Christi Hooks : LHP Curt Joseph
|
Pitching: LHP Curt Joseph
|
|
Batting: RHB Kevin Allen
|
0-0: Ball 1-0: Ball 2-0: Called Strike 2-1: Foul Ball, location: 2F 2-2: Foul Ball, location: 2F 2-2: Ball 3-2: Strikes out swinging
|
Batting: RHB Carlos Almada
|
0-0: Ball 1-0: Ball 2-0: SINGLE (Groundball, 56S, EV 77.5 MPH) (infield hit)
|
Batting: RHB Edwin Ramos
|
0-0: Fly out, F9 (Flyball, 9D, EV 91.9 MPH)
|
Batting: RHB Nick Julien
|
0-0: Called Strike 0-1: Ball 1-1: Swinging Strike 1-2: Foul Ball, location: 2F 1-2: Ball 2-2: Strikes out swinging
|
Bottom of the 1st over - 0 runs, 1 hit, 0 errors, 1 left on base; Corpus Christi 0 - Northwest Arkansas 0 |
TOP OF THE 2ND |
Corpus Christi Hooks batting - Pitching for Northwest Arkansas Naturals : LHP Ken Milhouse
|
Batting: RHB Alex Campos
|
0-0: Ground out 4-3 (Groundball, 4M, EV 86.2 MPH)
|
Batting: RHB Lamar Thornton
|
0-0: Ball 1-0: Ground out 5-3 (Groundball, 5S, EV 83.1 MPH)
|
Batting: RHB Juan Mendoza
|
0-0: Ball 1-0: Ball 2-0: Ball 3-0: Base on Balls
|
Batting: RHB Dave Gallegos
|
0-0: Called Strike 0-1: Fly out, F8 (Flyball, 8LS, EV 80.0 MPH)
|
Top of the 2nd over - 0 runs, 0 hits, 0 errors, 1 left on base; Corpus Christi 0 - Northwest Arkansas 0 |
BOTTOM OF THE 2ND |
Northwest Arkansas Naturals batting - Pitching for Corpus Christi Hooks : LHP Curt Joseph
|
Batting: RHB Nate De Jongh
|
0-0: Ball 1-0: Ball 2-0: Fly out, F8 (Flyball, 8RM, EV 93.8 MPH)
|
Batting: RHB Jon Griffin
|
0-0: Swinging Strike 0-1: Swinging Strike 0-2: Ball 1-2: Foul Ball, location: 2F 1-2: Strikes out swinging
|
Batting: RHB Chad Sullivan
|
0-0: Called Strike 0-1: Foul Ball, location: 2F 0-2: Strikes out looking
|
Bottom of the 2nd over - 0 runs, 0 hits, 0 errors, 0 left on base; Corpus Christi 0 - Northwest Arkansas 0 |
TOP OF THE 3RD |
Corpus Christi Hooks batting - Pitching for Northwest Arkansas Naturals : LHP Ken Milhouse
|
Batting: RHB John Sabean
|
0-0: Ground out 5-3 (Groundball, 5, EV 106.9 MPH)
|
Batting: RHB Edgar Trejo
|
0-0: Called Strike 0-1: Foul Ball, location: 2F 0-2: SINGLE (Groundball, 6D, EV 95.0 MPH)
|
Batting: RHB Masaru Konno
|
0-0: Called Strike 0-1: Ball Edgar Trejo steals 2nd base 1-1: Ball 2-1: Ball 3-1: Base on Balls
|
Batting: RHB Elijah Hunter
|
0-0: Swinging Strike 0-1: Ball Wild Pitch! Edgar Trejo to third Masaru Konno to second 1-1: Foul Ball, location: 2F 1-2: Foul Ball, location: 2F 1-2: Strikes out looking
|
Batting: RHB Jesus Malave
|
0-0: Foul Ball, location: 2F 0-1: Called Strike 0-2: Strikes out looking
|
Top of the 3rd over - 0 runs, 1 hit, 0 errors, 2 left on base; Corpus Christi 0 - Northwest Arkansas 0 |
BOTTOM OF THE 3RD |
Northwest Arkansas Naturals batting - Pitching for Corpus Christi Hooks : LHP Curt Joseph
|
Batting: RHB Mike Bearden
|
0-0: Called Strike 0-1: Ball 1-1: Swinging Strike 1-2: Foul Ball, location: 2F 1-2: Ball 2-2: Ball 3-2: Foul Ball, location: 2F 3-2: Base on Balls
|
Batting: RHB Vance Coen
|
0-0: Fielders Choice at 2nd, 6-4 (Groundball, 6, EV 88.1 MPH)
|
Batting: RHB Kevin Allen
|
0-0: Ball Wild Pitch! Vance Coen to second 1-0: Called Strike 1-1: Foul Ball, location: 2F 1-2: Strikes out swinging
|
Batting: RHB Carlos Almada
|
0-0: Foul Ball, location: 2F 0-1: Foul Ball, location: 2F 0-2: Foul Ball, location: 2F 0-2: Ball 1-2: Ball 2-2: Ball 3-2: Base on Balls
|
Batting: RHB Edwin Ramos
|
0-0: Ball 1-0: Ball 2-0: Fly out, F9 (Line Drive, 9, EV 88.8 MPH)
|
Bottom of the 3rd over - 0 runs, 0 hits, 0 errors, 2 left on base; Corpus Christi 0 - Northwest Arkansas 0 |
TOP OF THE 4TH |
Corpus Christi Hooks batting - Pitching for Northwest Arkansas Naturals : LHP Ken Milhouse
|
Batting: RHB Alex Campos
|
0-0: Ball 1-0: Ball 2-0: Foul Ball, location: 2F 2-1: Swinging Strike 2-2: Strikes out looking
|
Batting: RHB Lamar Thornton
|
0-0: Ball 1-0: Foul Ball, location: 2F 1-1: Ball 2-1: Ground out 4-3 (Groundball, 4M, EV 83.8 MPH)
|
Batting: RHB Juan Mendoza
|
0-0: Ball 1-0: Called Strike 1-1: Ground out 5-3 (Groundball, 56, EV 101.9 MPH)
|
Top of the 4th over - 0 runs, 0 hits, 0 errors, 0 left on base; Corpus Christi 0 - Northwest Arkansas 0 |
BOTTOM OF THE 4TH |
Northwest Arkansas Naturals batting - Pitching for Corpus Christi Hooks : LHP Curt Joseph
|
Batting: RHB Nick Julien
|
0-0: Fly out, F9 (Flyball, 89S, EV 80.6 MPH)
|
Batting: RHB Nate De Jongh
|
0-0: Swinging Strike 0-1: Ball 1-1: Called Strike 1-2: Ball 2-2: Fly out, F5 (Popup, 5F, EV 79.4 MPH)
|
Batting: RHB Jon Griffin
|
0-0: Ball 1-0: Ball 2-0: Ball 3-0: Called Strike 3-1: Fly out, F9 (Flyball, 9D, EV 89.4 MPH)
|
Bottom of the 4th over - 0 runs, 0 hits, 0 errors, 0 left on base; Corpus Christi 0 - Northwest Arkansas 0 |
TOP OF THE 5TH |
Corpus Christi Hooks batting - Pitching for Northwest Arkansas Naturals : LHP Ken Milhouse
|
Batting: RHB Dave Gallegos
|
0-0: Ground out 4-3 (Groundball, 4M, EV 86.2 MPH)
|
Batting: RHB John Sabean
|
0-0: Fly out, F4 (Line Drive, 4, EV 75.0 MPH)
|
Batting: RHB Edgar Trejo
|
0-0: Called Strike 0-1: Ball 1-1: Ball 2-1: Foul Ball, location: 2F 2-2: Strikes out swinging
|
Top of the 5th over - 0 runs, 0 hits, 0 errors, 0 left on base; Corpus Christi 0 - Northwest Arkansas 0 |
BOTTOM OF THE 5TH |
Northwest Arkansas Naturals batting - Pitching for Corpus Christi Hooks : LHP Curt Joseph
|
Batting: RHB Chad Sullivan
|
0-0: Ball 1-0: Called Strike 1-1: Ball 2-1: Fly out, F9 (Flyball, 89S, EV 85.6 MPH)
|
Batting: RHB Mike Bearden
|
0-0: Foul Ball, location: 2F 0-1: Foul Ball, location: 2F 0-2: Ball 1-2: Ground out 6-3 (Groundball, 6, EV 83.1 MPH)
|
Batting: RHB Vance Coen
|
0-0: Hit by Pitch
|
Batting: RHB Kevin Allen
|
0-0: Ball Vance Coen steals 2nd base 1-0: Ball 2-0: Ball 3-0: Called Strike 3-1: Swinging Strike 3-2: Foul Ball, location: 2F 3-2: Ground out 4-3 (Groundball, 4, EV 84.4 MPH)
|
Bottom of the 5th over - 0 runs, 0 hits, 0 errors, 1 left on base; Corpus Christi 0 - Northwest Arkansas 0 |
TOP OF THE 6TH |
Corpus Christi Hooks batting - Pitching for Northwest Arkansas Naturals : LHP Ken Milhouse
|
Batting: RHB Masaru Konno
|
0-0: Ball 1-0: Foul Ball, location: 2F 1-1: Ground out 5-3 (Groundball, 56S, EV 86.2 MPH)
|
Batting: RHB Elijah Hunter
|
0-0: Ball 1-0: Foul Ball, location: 2F 1-1: Fly out, F7 (Flyball, 7, EV 94.4 MPH)
|
Batting: RHB Jesus Malave
|
0-0: Ball 1-0: Ball 2-0: Called Strike 2-1: Ball 3-1: Foul Ball, location: 2F 3-2: Base on Balls
|
Pitching: RHP Josh Rutledge
|
|
Batting: RHB Alex Campos
|
0-0: Ball Jesus Malave steals 2nd base 1-0: Fly out, F5 (Popup, 56S, EV 60.6 MPH)
|
Top of the 6th over - 0 runs, 0 hits, 0 errors, 1 left on base; Corpus Christi 0 - Northwest Arkansas 0 |
BOTTOM OF THE 6TH |
Northwest Arkansas Naturals batting - Pitching for Corpus Christi Hooks : LHP Curt Joseph
|
Batting: RHB Carlos Almada
|
0-0: Ball 1-0: Called Strike 1-1: Ground out 6-3 (Groundball, 4M, EV 110.0 MPH)
|
Batting: RHB Edwin Ramos
|
0-0: Called Strike 0-1: Hit by Pitch
|
Batting: RHB Nick Julien
|
0-0: Called Strike Edwin Ramos steals 2nd, throwing error, E2 Edwin Ramos to third 0-1: Ball 1-1: Ball 2-1: Swinging Strike 2-2: Ball 3-2: Foul Ball, location: 2F 3-2: DOUBLE (Groundball, 5L, EV 110.0 MPH) Edwin Ramos scores
|
Batting: RHB Nate De Jongh
|
0-0: Ball 1-0: Called Strike 1-1: Foul Ball, location: 2F 1-2: Foul Ball, location: 2F 1-2: SINGLE (Line Drive, 89M, EV 104.4 MPH) Nick Julien to third
|
Batting: RHB Jon Griffin
|
0-0: Fielders Choice at 2nd, 6-4 (Groundball, 6, EV 86.2 MPH) Nick Julien scores
|
Batting: RHB Chad Sullivan
|
0-0: Called Strike 0-1: Ball 1-1: Called Strike 1-2: Ball 2-2: Strikes out looking
|
Bottom of the 6th over - 2 runs, 2 hits, 1 error, 1 left on base; Corpus Christi 0 - Northwest Arkansas 2 |
TOP OF THE 7TH |
Corpus Christi Hooks batting - Pitching for Northwest Arkansas Naturals : RHP Josh Rutledge
|
Batting: RHB Lamar Thornton
|
0-0: Ball 1-0: Called Strike 1-1: Ball 2-1: Ball 3-1: Foul Ball, location: 2F 3-2: Strikes out looking
|
Batting: RHB Juan Mendoza
|
0-0: Called Strike 0-1: Called Strike 0-2: Ball 1-2: Ball 2-2: Strikes out swinging
|
Batting: RHB Dave Gallegos
|
0-0: Swinging Strike 0-1: Swinging Strike 0-2: Ball 1-2: Ball 2-2: Ball 3-2: Strikes out swinging
|
Top of the 7th over - 0 runs, 0 hits, 0 errors, 0 left on base; Corpus Christi 0 - Northwest Arkansas 2 |
BOTTOM OF THE 7TH |
Northwest Arkansas Naturals batting - Pitching for Corpus Christi Hooks : LHP Curt Joseph
|
Pitching: LHP Mike Holloway
|
|
Batting: RHB Mike Bearden
|
0-0: Ball 1-0: Ball 2-0: Called Strike 2-1: Ball 3-1: Called Strike 3-2: Foul Ball, location: 2F 3-2: Foul Ball, location: 2F 3-2: Fly out, F7 (Line Drive, 7D, EV 103.8 MPH)
|
Batting: RHB Vance Coen
|
0-0: Called Strike 0-1: Foul Ball, location: 2F 0-2: Ball 1-2: Strikes out swinging
|
Batting: RHB Kevin Allen
|
0-0: Called Strike 0-1: Swinging Strike 0-2: Ball 1-2: Foul Ball, location: 2F 1-2: Ball 2-2: Strikes out looking
|
Bottom of the 7th over - 0 runs, 0 hits, 0 errors, 0 left on base; Corpus Christi 0 - Northwest Arkansas 2 |
TOP OF THE 8TH |
Corpus Christi Hooks batting - Pitching for Northwest Arkansas Naturals : RHP Josh Rutledge
|
Pitching: LHP Walter Whiteman
|
|
Batting: RHB John Sabean
|
0-0: Swinging Strike 0-1: Ground out 5-3 (Groundball, 5L, EV 105.6 MPH)
|
Batting: RHB Edgar Trejo
|
0-0: Swinging Strike 0-1: Ball 1-1: Ball 2-1: SINGLE (Groundball, 6MD, EV 96.9 MPH)
|
Batting: RHB Masaru Konno
|
0-0: Ball 1-0: Fly out, F3 (Popup, 3S, EV 66.2 MPH)
|
Batting: RHB Elijah Hunter
|
0-0: Ball 1-0: Foul Ball, location: 2F 1-1: Ball 2-1: Called Strike 2-2: Strikes out swinging
|
Top of the 8th over - 0 runs, 1 hit, 0 errors, 1 left on base; Corpus Christi 0 - Northwest Arkansas 2 |
BOTTOM OF THE 8TH |
Northwest Arkansas Naturals batting - Pitching for Corpus Christi Hooks : LHP Mike Holloway
|
Batting: RHB Carlos Almada
|
0-0: Ball 1-0: Foul Ball, location: 2F 1-1: Called Strike 1-2: Foul Ball, location: 2F 1-2: Ball 2-2: Foul Ball, location: 2F 2-2: Foul Ball, location: 2F 2-2: Strikes out swinging
|
Batting: RHB Edwin Ramos
|
0-0: Ball 1-0: Ball 2-0: Fly out, F4 (Popup, 4D, EV 51.9 MPH)
|
Batting: RHB Nick Julien
|
0-0: Ground out 6-3 (Groundball, 6, EV 86.9 MPH)
|
Bottom of the 8th over - 0 runs, 0 hits, 0 errors, 0 left on base; Corpus Christi 0 - Northwest Arkansas 2 |
TOP OF THE 9TH |
Corpus Christi Hooks batting - Pitching for Northwest Arkansas Naturals : LHP Walter Whiteman
|
Pitching: RHP John Barnett
|
|
Batting: RHB Jesus Malave
|
0-0: Foul Ball, location: 2F 0-1: Swinging Strike 0-2: Strikes out swinging
|
Batting: RHB Alex Campos
|
0-0: Foul Ball, location: 2F 0-1: Called Strike 0-2: Strikes out swinging
|
Batting: RHB Lamar Thornton
|
0-0: Ball 1-0: Called Strike 1-1: Called Strike 1-2: Ground out 6-3 (Groundball, 6S, EV 85.0 MPH)
|
Top of the 9th over - 0 runs, 0 hits, 0 errors, 0 left on base; Corpus Christi 0 - Northwest Arkansas 2 |
|